 Dungeon Sprint DCSS version 0.20-a0-317-gc038824 (webtiles) character file.

1105 Deathtrap2010 the Nimble (level 8, -10/88 HPs)
             Began as a Troll Fighter on Dec 20, 2016.
             Was the Champion of Jiyva.
             Shot with an arrow by a centaur warrior (22 damage)
             ... in the Dungeon (Sprint I: "Red Sonja").
             The game lasted 00:06:43 (197 turns).

Deathtrap2010 the Nimble (Troll Fighter)             Turns: 197, Time: 00:06:43

Health: -10/88     AC:  5    Str: 26    XL:     8   Next: 11%
Magic:  7/7        EV: 13    Int:  5    God:    Jiyva [******]
Gold:   54         SH: 11    Dex:  9    Spells: 7/7 levels left

rFire  . . .     SeeInvis .       - Unarmed
rCold  . . .     Gourm    +     b - +0 robe
rNeg   . . .     Faith    .     c - +0 shield
rPois  .         Spirit   .     (helmet restricted)
rElec  .         Reflect  .     (no cloak)
rCorr  +         Harm     .     (gloves unavailable)
MR     .....     NoTele   +     (boots unavailable)
Stlth  ++........               (no amulet)
                                (no ring)
                                (no ring)

@: very slightly contaminated
A: unfitting armour, claws 3, fast metabolism 3, gourmand, regeneration 2,
shaggy fur 1, tough skin 2, eyeballs 1, translucent skin 1, evolution 1,
tendrils
a: Request Jelly, Slimify, Cure Bad Mutation, Renounce Religion


You were in the Dungeon.
You worshipped Jiyva.
Jiyva was exalted by your worship.
You were completely stuffed.

You visited 1 branch You collected 54 gold pieces.

Inventory:

Armour
 b - a +0 robe (worn)
 c - a +0 shield (worn)
Wands
 a - a wand of flame (23/48)
Potions
 e - a potion of curing
 h - a potion of haste
 i - 2 potions of magic
Comestibles
 f - 2 bread rations


   Skills:
 + Level 8.3 Fighting
   Level 2.1 Maces & Flails
 + Level 8.3 Dodging
 + Level 1.0 Stealth
 + Level 8.2 Shields
 + Level 7.2 Unarmed Combat


You had 7 spell levels left.
You didn't know any spells.

Dungeon Overview and Level Annotations

Branches:
Dungeon (1/1)

Altars:
Cheibriados
Dithmenos
Elyvilon
Fedhas
Gozag
Hepliaklqana
Kikubaaqudgha
Makhleb
Nemelex Xobeh
Okawaru
Qazlal
Ru
Sif Muna
Trog
Uskayaw
Vehumet
Xom
Yredelemnul
Zin
The Shining One
Jiyva
Lugonu

Shops:
D ?


Innate Abilities, Weirdness & Mutations

You are too large for most types of armour.
You have claws for hands.
Your metabolism is lightning-fast.
You like to eat raw meat.
You heal very quickly.
You are covered in fur. (AC +1)
You have very tough skin. (AC +2)
Your body has grown golden eyes which may confuse attackers. (Acc +3)
Your translucent skin slightly reduces your foes' accuracy. (Stealth)
You evolve.
You are covered in slimy tendrils that may disarm your opponents.


Message History

Press: ? - help, Dir - move target cursor, p - jelly Splash!
You fall into the shallow water.
Moving in this stuff is going to be slow.
You are very lightly contaminated with residual magic.
As you read the scroll of blinking, it crumbles to dust.
The centaur warrior wields an uncursed longbow.
The centaur warrior shoots an arrow.
The arrow hits your hobgoblin!
Your hobgoblin dies!
Your hobgoblin's corpse dissolves into shadows!
You hear a splash.
You hear a distant slurping noise.
Jiyva appreciates your sacrifice.
You feel a little less hungry.
You feel better.
You feel a little less hungry.
You feel better.
The centaur warrior shoots an arrow.
The arrow hits the jelly!!
The jelly dies!
You hear a splash.
The centaur warrior shoots an arrow.
The arrow hits you!!
You die...

###################
#<.#..'..#..'..#__#
#..'..#..'..#..'..+
#.J#####'#####.#__####
#..## #..#...#.####§§#
#..#__####..##.#§c§§§#
#..#_____##.#..@§r§§§+
#⌠⌠#_.∩.......§#§§§r.#
####_..__##_.#'##§####
#_J___###.#.#...
####### #.####+## ...
...# ##.## #.#


You could see a centaur warrior and a friendly rat.

Vanquished Creatures
  A centaur warrior (D)
  A slime creature (D)
  Sigmund (D)
  An ogre (D)
  Ijyb (D)
5 creatures vanquished.

Vanquished Creatures (collateral kills)
  A yak (D)
1 creature vanquished.

Vanquished Creatures (others)
  4 jellies (D)
  2 ballistomycete spores (D)
6 creatures vanquished.

Grand Total: 12 creatures vanquished

Notes
Turn   | Place    | Note
-------+----------+-------------------------------------------
     0 | D        | Deathtrap2010 the Troll Fighter began the quest for the Orb.
     0 | D        | Reached XP level 1. HP: 22/22 MP: 0/0
     3 | D        | Noticed Ijyb
     9 | D        | Killed Ijyb
     9 | D        | Reached skill level 1 in Unarmed Combat
     9 | D        | Reached XP level 2. HP: 29/31 MP: 1/1
    14 | D        | Noticed an ogre
    21 | D        | Killed an ogre
    21 | D        | Reached XP level 3. HP: 19/41 MP: 2/2
    21 | D        | Reached XP level 4. HP: 23/49 MP: 3/3
    26 | D        | Noticed Sigmund
    43 | D        | Killed Sigmund
    43 | D        | Reached XP level 5. HP: 31/59 MP: 4/4
    76 | D        | Found a burning altar of Makhleb.
    76 | D        | Found a viscous altar of Jiyva.
    76 | D        | Found a shimmering altar of Xom.
    76 | D        | Found a corrupted altar of Lugonu.
    76 | D        | Noticed a slime creature
    86 | D        | Killed a slime creature
    86 | D        | Reached XP level 6. HP: 15/71 MP: 5/5
    90 | D        | Became a worshipper of Jiyva Jeivutt the Shapeless
   103 | D        | Reached * piety under Jiyva
   112 | D        | Reached ** piety under Jiyva
   118 | D        | Reached *** piety under Jiyva
   122 | D        | Gained mutation: You possess an exceptional clarity of mind. [Jiyva's grace]
   122 | D        | Reached **** piety under Jiyva
   129 | D        | Lost mutation: You possess an exceptional clarity of mind. [Jiyva's grace]
   129 | D        | Reached ***** piety under Jiyva
   138 | D        | Gained mutation: You are covered in slimy tendrils that may disarm your opponents. [Jiyva's grace]
   142 | D        | Found a deep blue altar of Sif Muna.
   146 | D        | Found a radiant altar of Vehumet.
   148 | D        | Found a hazy altar of Hepliaklqana.
   148 | D        | Found a hide-covered altar of Uskayaw.
   149 | D        | Found a stormy altar of Qazlal.
   149 | D        | Found a blossoming altar of Fedhas.
   150 | D        | Found Kamomun's Magic Scroll Emporium.
   150 | D        | Found a bloodstained altar of Trog.
   150 | D        | Gained mutation: You evolve. [Jiyva's grace]
   151 | D        | Found an iron altar of Okawaru.
   151 | D        | Found a sacrificial altar of Ru.
   151 | D        | Found a glowing silver altar of Zin.
   152 | D        | Noticed a yak
   152 | D        | Found an ancient bone altar of Kikubaaqudgha.
   152 | D        | Found a basalt altar of Yredelemnul.
   152 | D        | Found a glowing golden altar of the Shining One.
   152 | D        | Found a snail-covered altar of Cheibriados.
   152 | D        | Found a shadowy altar of Dithmenos.
   152 | D        | Found a white marble altar of Elyvilon.
   153 | D        | Found an opulent altar of Gozag.
   154 | D        | Reached ****** piety under Jiyva
   158 | D        | Gained mutation: You heal very quickly. [Jiyva's grace]
   159 | D        | Killed a yak
   159 | D        | Reached skill level 5 in Unarmed Combat
   159 | D        | Reached XP level 7. HP: 73/78 MP: 6/6
   160 | D        | Found a sparkling altar of Nemelex Xobeh.
   175 | D        | Noticed a centaur warrior
   175 | D        | Noticed a centaur warrior
   183 | D        | Gained mutation: Your body has grown golden eyes which may confuse attackers. (Acc +3) [Jiyva's grace]
   186 | D        | Gained mutation: Your translucent skin slightly reduces your foes' accuracy. (Stealth) [Jiyva's grace]
   189 | D        | Killed a centaur warrior
   189 | D        | Reached skill level 1 in Stealth
   189 | D        | Reached XP level 8. HP: 38/88 MP: 7/7
   194 | D        | HP: 4/88 [centaur warrior (6)]
   197 | D        | Shot with an arrow by a centaur warrior

Vault maps used:
D:        dungeon_sprint_1

Skill      XL: |  1  2  3  4  5  6  7 |
---------------+----------------------+-----
Fighting       | 3 4 6 7 8 |  8.3
Maces & Flails | 2 |  2.1
Dodging        | 3 4 6 7 8 |  8.3
Shields        | 3 4 6 7 8 |  8.2
Unarmed Combat | 1 2 3 4 5 7 |  7.2
Stealth        | 1 |  1.0

Action                   |  1- 3 |  4- 6 |  7- 9 || total
-------------------------+-------+-------+-------++-------
Melee: Unarmed           |    11 |    27 |    10 ||    48
Invok: Request Jelly     |       |     2 |       ||     2
  Use: Potion            |       |     3 |       ||     3
       Scroll            |       |       |     2 ||     2
 Stab: Distracted        |       |       |     1 ||     1
Armor: Robe              |       |     4 |     2 ||     6
Dodge: Dodged            |     4 |     4 |     2 ||    10
Block: Shield            |     1 |     6 |     8 ||    15
